MWL (24 & UNDER)
PLUMSTEAD EAGLES @ WISCONSIN RAPIDS RANGERS
09/14/2027
 
TOP OF THE 1ST
Plumstead Eagles batting - Pitching for Wisconsin Rapids Rangers : RHP Jesús Sánchez
Pitching: RHP Jesús Sánchez
Batting: RHB Allen Hobbs 0-0: Called Strike
0-1: Ball
1-1: SINGLE (Line Drive, 7S)
Batting: RHB Rob Brady 0-0: Called Strike
0-1: Ball
1-1: Ball
Allen Hobbs steals 2nd base
2-1: Ball
3-1: Ground out 6-3 (Groundball, 6MS)
Allen Hobbs to third
Batting: RHB Jaime Rodríguez 0-0: Ball
1-0: Fly out, F8 (Flyball, 8RD)
Runner from 3rd tags up, SCORES, no throw
Batting: RHB Juan Caceres 0-0: Ball
1-0: Called Strike
1-1: Ball
2-1: Foul Ball, location: 2F
2-2: Strikes out swinging
Top of the 1st over - 1 run(s), 1 hit(s), 0 error(s), 0 left on base; Plumstead 1 - Wisconsin Rapids 0
BOTTOM OF THE 1ST
Wisconsin Rapids Rangers batting - Pitching for Plumstead Eagles : RHP Jason MacKnight
Pitching: RHP Jason MacKnight
Batting: LHB Alberto Varela 0-0: Ball
1-0: Fly out, F7 (Line Drive, 7)
Batting: LHB Jean-Sébastien Beaudin 0-0: Ball
1-0: Ball
2-0: SINGLE (Groundball, 25) (infield hit)
Batting: RHB Wilfred Martin 0-0: Ball
1-0: Ball
2-0: Foul Ball, location: 2F
2-1: Ball
3-1: Called Strike
3-2: Foul Ball, location: 2F
3-2: Foul Ball, location: 2F
3-2: Strikes out swinging
Batting: LHB Luis Rodríguez 0-0: Ball
Jean-Sébastien Beaudin steals 2nd base
1-0: Foul Ball, location: 2F
1-1: Foul Ball, location: 2F
1-2: Ball
2-2: Foul Ball, location: 2F
2-2: Foul Ball, location: 2F
2-2: Ball
3-2: 2-RUN HOME RUN (Flyball, 9LD), Distance : 323 ft
Batting: LHB Ronald Gordon 0-0: Called Strike
0-1: Called Strike
0-2: Ground out U3 (Groundball, 34S)
Bottom of the 1st over - 2 run(s), 2 hit(s), 0 error(s), 0 left on base; Plumstead 1 - Wisconsin Rapids 2
TOP OF THE 2ND
Plumstead Eagles batting - Pitching for Wisconsin Rapids Rangers : RHP Jesús Sánchez
Batting: RHB Kolomon Meise 0-0: Swinging Strike
0-1: Swinging Strike
0-2: Ball
1-2: Ball
2-2: Foul Ball, location: 2F
2-2: Fly out, F8 (Line Drive, 8LD)
Batting: RHB Jeff Townsley 0-0: Ball
1-0: Bunt for hit - play at first, batter OUT! 2-3
Batting: RHB José Moreno 0-0: Called Strike
0-1: Foul Ball, location: 2F
0-2: Strikes out swinging
Top of the 2nd over - 0 run(s), 0 hit(s), 0 error(s), 0 left on base; Plumstead 1 - Wisconsin Rapids 2
BOTTOM OF THE 2ND
Wisconsin Rapids Rangers batting - Pitching for Plumstead Eagles : RHP Jason MacKnight
Batting: SHB Jacob Wilcox 0-0: Swinging Strike
0-1: Ball
1-1: Fly out, F9 (Flyball, 89S)
Batting: LHB Ángelo Lara 0-0: Foul Ball, location: 2F
0-1: Ground out 4-3 (Groundball, 4)
Batting: RHB Carlos Miranda 0-0: Called Strike
0-1: Foul Ball, location: 2F
0-2: SINGLE (Groundball, 4MD)
Batting: RHB Luis López 0-0: Ball
1-0: Ball
2-0: Called Strike
2-1: 2-RUN HOME RUN (Flyball, 7D), Distance : 349 ft
Batting: LHB Alberto Varela 0-0: Swinging Strike
0-1: Ground out 5-3 (Groundball, 56)
Bottom of the 2nd over - 2 run(s), 2 hit(s), 0 error(s), 0 left on base; Plumstead 1 - Wisconsin Rapids 4
TOP OF THE 3RD
Plumstead Eagles batting - Pitching for Wisconsin Rapids Rangers : RHP Jesús Sánchez
Batting: RHB Howard Johnson 0-0: Ball
1-0: Swinging Strike
1-1: Swinging Strike
1-2: Ball
2-2: Strikes out swinging
Batting: LHB Ryan Flynn 0-0: Fly out, F8 (Flyball, 8LM)
Batting: RHB Allen Hobbs 0-0: Called Strike
0-1: Ball
1-1: Ball
2-1: SINGLE (Flyball, 7LS)
Batting: RHB Rob Brady 0-0: Ball
1-0: Ball
2-0: Ball
3-0: Called Strike
3-1: Fielders Choice at 2nd, U4 (Groundball, 4M)
Top of the 3rd over - 0 run(s), 1 hit(s), 0 error(s), 1 left on base; Plumstead 1 - Wisconsin Rapids 4
BOTTOM OF THE 3RD
Wisconsin Rapids Rangers batting - Pitching for Plumstead Eagles : RHP Jason MacKnight
Batting: LHB Jean-Sébastien Beaudin 0-0: Called Strike
0-1: Swinging Strike
0-2: Strikes out looking
Batting: RHB Wilfred Martin 0-0: Ground out 5-3 (Groundball, 56)
Batting: LHB Luis Rodríguez 0-0: Called Strike
0-1: Swinging Strike
0-2: Ground out 4-3 (Groundball, 4)
Bottom of the 3rd over - 0 run(s), 0 hit(s), 0 error(s), 0 left on base; Plumstead 1 - Wisconsin Rapids 4
TOP OF THE 4TH
Plumstead Eagles batting - Pitching for Wisconsin Rapids Rangers : RHP Jesús Sánchez
Batting: RHB Jaime Rodríguez 0-0: Called Strike
0-1: Ball
1-1: Fly out, F7 (Flyball, 7)
Batting: RHB Juan Caceres 0-0: Called Strike
0-1: SINGLE (Line Drive, 3D)
Batting: RHB Kolomon Meise 0-0: Ball
Juan Caceres is caught stealing 2nd base
1-0: Ground out 4-3 (Groundball, 4)
Top of the 4th over - 0 run(s), 1 hit(s), 0 error(s), 0 left on base; Plumstead 1 - Wisconsin Rapids 4
BOTTOM OF THE 4TH
Wisconsin Rapids Rangers batting - Pitching for Plumstead Eagles : RHP Jason MacKnight
Batting: LHB Ronald Gordon 0-0: Ball
1-0: Ball
2-0: Called Strike
2-1: Called Strike
2-2: Ball
3-2: Ground out 6-3 (Groundball, 6)
Batting: SHB Jacob Wilcox 0-0: Fly out, F9 (Flyball, 9S)
Batting: LHB Ángelo Lara 0-0: Ball
1-0: Ground out 1-3 (Groundball, P)
Bottom of the 4th over - 0 run(s), 0 hit(s), 0 error(s), 0 left on base; Plumstead 1 - Wisconsin Rapids 4
TOP OF THE 5TH
Plumstead Eagles batting - Pitching for Wisconsin Rapids Rangers : RHP Jesús Sánchez
Batting: RHB Jeff Townsley 0-0: Ball
1-0: Called Strike
1-1: Ball
2-1: Fly out, F9 (Flyball, 9S)
Batting: RHB José Moreno 0-0: Called Strike
0-1: Ball
1-1: Called Strike
1-2: Strikes out swinging, 2-3 out at first.
Batting: RHB Howard Johnson 0-0: Ball
1-0: Called Strike
1-1: Foul Ball, location: 2F
1-2: Strikes out swinging
Top of the 5th over - 0 run(s), 0 hit(s), 0 error(s), 0 left on base; Plumstead 1 - Wisconsin Rapids 4
BOTTOM OF THE 5TH
Wisconsin Rapids Rangers batting - Pitching for Plumstead Eagles : RHP Jason MacKnight
Batting: RHB Carlos Miranda 0-0: Ball
1-0: Ball
2-0: Foul Ball, location: 2F
2-1: Ball
3-1: Foul Ball, location: 2F
3-2: Base on Balls
Batting: RHB Luis López 0-0: Fly out, F3 (Line Drive, 3)
Batting: LHB Alberto Varela 0-0: Ball
1-0: Called Strike
1-1: DOUBLE (Line Drive, 9LS)
Carlos Miranda to third
Batting: LHB Jean-Sébastien Beaudin 0-0: Called Strike
0-1: Ball
1-1: Ball
2-1: Swinging Strike
2-2: Ball
3-2: Foul Ball, location: 2F
3-2: Foul Ball, location: 2F
3-2: Strikes out swinging
Batting: RHB Wilfred Martin 0-0: Called Strike
0-1: Called Strike
0-2: Foul Ball, location: 2F
0-2: Ball
1-2: Foul Ball, location: 2F
1-2: Ball
2-2: Ball
3-2: SINGLE (Line Drive, 56)
Carlos Miranda scores
Alberto Varela to third
Alberto Varela scores
Pitching: LHP Pedro Rosado
Batting: LHB Luis Rodríguez 0-0: Ball
1-0: Swinging Strike
1-1: Ball
2-1: Ball
3-1: Base on Balls
Wilfred Martin to second
Batting: LHB Ronald Gordon 0-0: SINGLE (Flyball, 78M)
Wilfred Martin to third
Luis Rodríguez to second
Runner from 3rd tries for Home, SAFE, no throw
Batting: SHB Jacob Wilcox 0-0: Ball
1-0: DOUBLE (Line Drive, 7LM)
Luis Rodríguez scores
Ronald Gordon to third
Batting: LHB Ángelo Lara 0-0: Ball
1-0: SINGLE (Line Drive, 4MD)
Ronald Gordon scores
Jacob Wilcox to third
Batting: RHB Carlos Miranda 0-0: Ball
Ángelo Lara is caught stealing 2nd base
Bottom of the 5th over - 5 run(s), 5 hit(s), 0 error(s), 0 left on base; Plumstead 1 - Wisconsin Rapids 9
TOP OF THE 6TH
Plumstead Eagles batting - Pitching for Wisconsin Rapids Rangers : RHP Jesús Sánchez
Batting: LHB Ryan Flynn 0-0: Called Strike
0-1: Foul Ball, location: 2F
0-2: Ball
1-2: Strikes out swinging
Batting: RHB Allen Hobbs 0-0: Called Strike
0-1: Foul Ball, location: 2F
0-2: Ball
1-2: Foul Ball, location: 2F
1-2: Foul Ball, location: 2F
1-2: Ground out 4-3 (Groundball, 4MS)
Batting: RHB Rob Brady 0-0: Swinging Strike
0-1: Swinging Strike
0-2: Strikes out looking
Top of the 6th over - 0 run(s), 0 hit(s), 0 error(s), 0 left on base; Plumstead 1 - Wisconsin Rapids 9
BOTTOM OF THE 6TH
Wisconsin Rapids Rangers batting - Pitching for Plumstead Eagles : LHP Pedro Rosado
Batting: RHB Carlos Miranda 0-0: Ball
1-0: Fly out, F9 (Flyball, 89S)
Batting: RHB Luis López 0-0: Ball
1-0: Ball
2-0: Called Strike
2-1: Ball
3-1: Called Strike
3-2: Base on Balls
Batting: LHB Alberto Varela 0-0: Ball
1-0: Ball
2-0: Called Strike
2-1: Called Strike
2-2: Ball
3-2: Foul Ball, location: 2F
3-2: Base on Balls
Luis López to second
Batting: LHB Jean-Sébastien Beaudin 0-0: Ball
1-0: Foul Ball, location: 2F
1-1: Fly out, F8 (Line Drive, 8RM)
Batting: RHB Wilfred Martin 0-0: Swinging Strike
0-1: Fielders Choice at 2nd, 4-6 (Groundball, 4)
Bottom of the 6th over - 0 run(s), 0 hit(s), 0 error(s), 1 left on base; Plumstead 1 - Wisconsin Rapids 9
TOP OF THE 7TH
Plumstead Eagles batting - Pitching for Wisconsin Rapids Rangers : RHP Jesús Sánchez
Batting: RHB Jaime Rodríguez 0-0: Ball
1-0: Foul Ball, location: 2F
1-1: SINGLE (Line Drive, 7LS)
Pitching: RHP Eugene Morgan
Batting: RHB Juan Caceres 0-0: Ball
1-0: Fly out, F5 (Popup, 5S)
Batting: RHB Kolomon Meise 0-0: Ball
1-0: Ball
2-0: Fly out, F7 (Flyball, 78M)
Batting: RHB Jeff Townsley 0-0: Ball
1-0: Ball
2-0: Ball
3-0: Called Strike
3-1: Fielders Choice at 2nd, 5-4 (Groundball, 5)
Top of the 7th over - 0 run(s), 1 hit(s), 0 error(s), 0 left on base; Plumstead 1 - Wisconsin Rapids 9
BOTTOM OF THE 7TH
Wisconsin Rapids Rangers batting - Pitching for Plumstead Eagles : LHP Pedro Rosado
Batting: LHB Luis Rodríguez 0-0: Ball
1-0: Called Strike
1-1: Foul Ball, location: 2F
1-2: Foul Ball, location: 2F
1-2: Foul Ball, location: 2F
1-2: Foul Ball, location: 2F
1-2: Strikes out looking
Batting: LHB Ronald Gordon 0-0: Ball
1-0: Swinging Strike
1-1: Called Strike
1-2: Ball
2-2: Strikes out looking
Batting: SHB Jacob Wilcox 0-0: Called Strike
0-1: Ball
1-1: Foul Ball, location: 2F
1-2: Ground out 5-3 (Groundball, 56S)
Bottom of the 7th over - 0 run(s), 0 hit(s), 0 error(s), 0 left on base; Plumstead 1 - Wisconsin Rapids 9
TOP OF THE 8TH
Plumstead Eagles batting - Pitching for Wisconsin Rapids Rangers : RHP Eugene Morgan
Batting: RHB José Moreno 0-0: Swinging Strike
0-1: Foul Ball, location: 2F
0-2: Ball
1-2: Foul Ball, location: 2F
1-2: Fly out, F8 (Line Drive, 8LM)
Batting: RHB Howard Johnson 0-0: Called Strike
0-1: Ball
1-1: Ball
2-1: Ball
3-1: Swinging Strike
3-2: Base on Balls
Batting: LHB Ryan Flynn 0-0: Ball
1-0: Called Strike
1-1: Foul Ball, location: 2F
1-2: Fly out, F8 (Flyball, 8RM)
Batting: RHB Allen Hobbs 0-0: Called Strike
0-1: Ball
1-1: Foul Ball, location: 2F
1-2: Strikes out swinging
Top of the 8th over - 0 run(s), 0 hit(s), 0 error(s), 1 left on base; Plumstead 1 - Wisconsin Rapids 9
BOTTOM OF THE 8TH
Wisconsin Rapids Rangers batting - Pitching for Plumstead Eagles : LHP Pedro Rosado
Batting: LHB Ángelo Lara 0-0: Ball
1-0: Foul Ball, location: 2F
1-1: Ball
2-1: Swinging Strike
2-2: Strikes out swinging
Batting: RHB Carlos Miranda 0-0: Ball
1-0: Ball
2-0: Ball
3-0: Called Strike
3-1: Ground out 5-3 (Groundball, 5)
Batting: RHB Luis López 0-0: Ball
1-0: Ball
2-0: Ball
3-0: Base on Balls
Batting: LHB Alberto Varela 0-0: Ball
1-0: Ball
2-0: SINGLE (Groundball, 4MD)
Luis López to second
Runner from 2nd tries for 3rd, SAFE, throw made to third
Batting: LHB Jean-Sébastien Beaudin 0-0: Foul Ball, location: 2F
0-1: Ball
1-1: Foul Ball, location: 2F
1-2: Ball
2-2: Foul Ball, location: 2F
2-2: Fly out, F7 (Line Drive, 78M)
Bottom of the 8th over - 0 run(s), 1 hit(s), 0 error(s), 2 left on base; Plumstead 1 - Wisconsin Rapids 9
TOP OF THE 9TH
Plumstead Eagles batting - Pitching for Wisconsin Rapids Rangers : RHP Eugene Morgan
Batting: RHB Rob Brady 0-0: Ball
1-0: Called Strike
1-1: Ground out 6-3 (Groundball, 6D)
Batting: RHB Jaime Rodríguez 0-0: Swinging Strike
0-1: SINGLE (Groundball, 6MD)
Batting: RHB Juan Caceres 0-0: Ball
1-0: Ball
2-0: Ball
3-0: Called Strike
3-1: Base on Balls
Jaime Rodríguez to second
Batting: RHB Kolomon Meise 0-0: Ball
1-0: Ball
2-0: Fly out, F7 (Flyball, 7S)
Batting: RHB Jeff Townsley 0-0: Ball
1-0: Fielders Choice at 2nd, 5-4 (Groundball, 5)
Top of the 9th over - 0 run(s), 1 hit(s), 0 error(s), 1 left on base; Plumstead 1 - Wisconsin Rapids 9
Thursday, March 30th, 2017 - OOTP Baseball 17.12 Build 75